 Dungeon Crawl Stone Soup version 0.15.2 (webtiles) character file.

3105 roj the Grappler (level 9, 89/89 HPs)
             Began as a Troll Monk on Nov 30, 2014.
             Got out of the dungeon alive.
             The game lasted 01:09:26 (8275 turns).

roj the Grappler (Troll Monk)                       Turns: 8275, Time: 01:09:26

HP  89/89        AC  9     Str 21      XL: 9   Next: 60%
MP   4/4         EV 14     Int  6      God:
Gold 276         SH  0     Dex 15      Spells:  0 memorised,  8 levels left

rFire  + . .     SeeInvis .       - Unarmed
rCold  . . .     Clarity  .     x - +0 robe "Xip Shroj" {rF+ rN+ Stlth++}
rNeg   + . .     rCorr    .     (shield restricted)
rPois  .         rRot     .     (helmet restricted)
rElec  .         Spirit   .     r - +0 cloak
SustAb .         Warding  .     (gloves unavailable)
rMut   .         Stasis   .     (boots unavailable)
Gourm  +                        (no amulet)
MR     +....                    o - ring of protection from magic
                                A - +3 ring of protection

@: somewhat resistant to hostile enchantments, stealthy
A: unfitting armour, claws 3, fast metabolism 3, gourmand, regeneration 2,
saprovore 2, shaggy fur 1, tough skin 2
a: no special abilities


You escaped.
You were hungry.

You visited 2 branches of the dungeon, and saw 8 of its levels.
You also visited: Sewer and Ossuary.

You collected 356 gold pieces.
You spent 80 gold pieces at shops.

Inventory:

Missiles
 i - 5 large rocks (quivered)
Armour
 a - a +2 robe
 r - a +0 cloak (worn)
 x - the +0 robe "Xip Shroj" (worn) {rF+ rN+ Stlth++}
   (You found it on level 5 of the Dungeon)

   It protects you from fire.
   It protects you from negative energy.
   It makes you much more stealthy.
Comestibles
 b - 3 meat rations
 c - 11 bread rations
 d - 10 beef jerkies
 f - 2 slices of pizza
 D - 5 fruits
 J - 2 rotting chunks of hobgoblin flesh
Scrolls
 e - 3 scrolls of recharging
 g - 4 scrolls of enchant weapon
 j - 3 scrolls of magic mapping
 k - 5 scrolls of remove curse
 m - 2 scrolls of identify
 u - 3 scrolls of teleportation
 y - a scroll of enchant armour
 z - a scroll of fear
 H - a scroll of amnesia
Jewellery
 l - a +2 ring of dexterity
 o - a ring of protection from magic (right claw)
 t - an uncursed amulet of faith
 A - a +3 ring of protection (left claw)
 G - an uncursed ring of flight
 I - an uncursed ring of ice
Potions
 h - 5 potions of heal wounds
 n - a potion of mutation {unknown}
 q - a potion of cure mutation {unknown}
 s - a potion of degeneration {unknown}
 v - 3 potions of agility {unknown}
 w - 5 potions of curing
 B - a potion of brilliance
 C - 3 potions of might


   Skills:
 + Level 5.7 Fighting
 - Level 2.3 Throwing
 + Level 7.0 Dodging
 - Level 2.2 Stealth
 + Level 9.1 Unarmed Combat


You had 8 spell levels left.
You didn't know any spells.

Dungeon Overview and Level Annotations

Branches:
Dungeon (7/15)             Temple (1/1) D:5

Altars:
Ashenzari
Cheibriados
Dithmenos
Elyvilon
Kikubaaqudgha
Makhleb
Nemelex Xobeh
Qazlal
Sif Muna
Trog
Xom
Zin
The Shining One

Shops:
D:4 *   D:5 %


Innate Abilities, Weirdness & Mutations

You are too large for most types of armour.
You have claws for hands.
Your metabolism is lightning-fast.
You like to eat raw meat.
You heal very quickly.
You can eat rotten meat.
You are covered in fur (AC +1).
You have very tough skin (AC +2).


Message History

Things that are here:
a short sword; a kobold corpse
There is a stone staircase leading up here.
You climb upwards.
There is a stone staircase leading down here.
There is a snail-covered altar of Cheibriados here.
There is a stone staircase leading up here.
You climb upwards.
There is a stone staircase leading down here.
You open the door.
There is an open door here.
You are feeling hungry.
There is an open door here.
You enter the shallow water.
Moving in this stuff is going to be slow.
There is a staircase leading out of the dungeon here.
Are you sure you want to leave the Dungeon?
This will make you lose the game! [Y]es or [N]o only, please.
Are you sure you want to leave the Dungeon?
This will make you lose the game!
You have escaped!

#####.#.# #.#.#
#...# ##### ##
≈≈≈## #≈≈≈≈#
#####≈≈≈##########
.....≈≈≈≈.......@#
....).≈≈≈........#
......≈≈≈.......(#
......≈≈≈≈.......#
......≈≈≈≈.......#
......≈≈≈≈.......#
.......≈≈≈.......#
....(..≈≈≈.......#
.......≈≈≈≈.....>#


There were no monsters in sight!

Vanquished Creatures
  Prince Ribbit (D:6)
  A water moccasin (D:6)
  2 ice beasts
  4 ogres
  A phantom (D:4)
  3 big kobolds (Sewer)
  A centaur (D:6)
  3 giant frogs
  10 wights
  A crimson imp (D:6)
  2 goliath beetles
  A gnoll shaman (D:6)
  5 orc wizards
  2 orc priests (D:3)
  A centaur skeleton (D:6)
  A black bear skeleton (D:6)
  6 worker ants
  Terence (D:3)
  8 adders
  51 gnolls
  A shadow imp (D:7)
  4 worms
  A giant mite (D:3)
  An iguana skeleton (D:6)
  4 oozes
  21 orcs
  2 ball pythons
  7 giant cockroaches
  13 hobgoblins
  18 jackals
  26 kobolds
  2 quokkas
  14 bats
  4 giant geckos
  9 giant newts
  8 goblins
  A goblin skeleton (D:4)
  A quokka skeleton (D:4)
  A quokka zombie (D:4)
  13 rats
  4 rat skeletons
  A rat zombie (D:4)
261 creatures vanquished.

Notes
Turn   | Place    | Note
--------------------------------------------------------------
     0 | D:1      | roj, the Troll Monk, began the quest for the Orb.
     0 | D:1      | Reached XP level 1. HP: 22/22 MP: 1/1
   185 | D:1      | Reached XP level 2. HP: 29/29 MP: 1/1
   703 | D:1      | Reached XP level 3. HP: 26/36 MP: 2/2
   787 | D:2      | Found a snail-covered altar of Cheibriados.
   898 | D:2      | Reached skill level 5 in Unarmed Combat
   900 | D:2      | Reached XP level 4. HP: 44/44 MP: 2/2
  1275 | D:2      | Found a sparkling altar of Nemelex Xobeh.
  1562 | D:2      | Reached XP level 5. HP: 52/52 MP: 2/2
  2191 | D:4      | Found a sand-covered staircase.
  2201 | Ossuary  | Entered an ossuary
  2400 | D:3      | Reached XP level 6. HP: 50/61 MP: 3/3
  2853 | D:3      | Noticed Terence
  2862 | D:3      | Killed Terence
  3115 | D:3      | Found a white marble altar of Elyvilon.
  3115 | D:3      | Found a glowing golden altar of the Shining One.
  3116 | D:3      | Found a glowing silver altar of Zin.
  3484 | D:4      | Noticed a phantom
  3498 | D:4      | Killed a phantom
  3498 | D:4      | Reached skill level 6 in Unarmed Combat
  3590 | D:5      | Entered Level 5 of the Dungeon
  3638 | D:4      | Found Idirch's Assorted Antiques.
  3655 | D:4      | Bought a scroll of identify for 40 gold pieces
  3655 | D:4      | Bought a scroll of identify for 40 gold pieces
  3710 | D:4      | Reached XP level 7. HP: 59/67 MP: 3/3
  3934 | D:4      | Reached skill level 1 in Throwing
  4671 | D:6      | Found a glowing drain.
  4721 | Sewer    | Entered a sewer
  4895 | Sewer    | Reached XP level 8. HP: 64/78 MP: 3/3
  5126 | D:5      | Reached skill level 7 in Unarmed Combat
  5167 | D:5      | Got a dull robe
  5168 | D:5      | Identified the +0 robe "Xip Shroj" {rF+ rN+ Stlth++} (You found it on level 5 of the Dungeon)
  5279 | D:5      | Reached skill level 5 in Dodging
  5303 | D:5      | Found Caulent's Food Shop.
  5338 | D:5      | Found a staircase to the Ecumenical Temple.
  5365 | Temple   | Entered the Ecumenical Temple
  5810 | D:5      | Found a deep blue altar of Sif Muna.
  5810 | D:5      | Found a sparkling altar of Nemelex Xobeh.
  6112 | D:6      | Noticed Prince Ribbit
  6120 | D:6      | Killed Prince Ribbit
  6338 | D:5      | Reached skill level 8 in Unarmed Combat
  6449 | D:6      | Reached XP level 9. HP: 87/87 MP: 4/4
  6466 | D:6      | Reached skill level 5 in Fighting
  7572 | D:7      | Reached skill level 9 in Unarmed Combat
  8275 | D:$      | Got out of the dungeon alive.

Action                   |  1- 3 |  4- 6 |  7- 9 || total
-------------------------+-------+-------+-------++-------
Melee: Unarmed           |    69 |   185 |   446 ||   700
Throw: Large rock        |       |       |     1 ||     1
  Use: Scroll            |     4 |     9 |     7 ||    20
       Potion            |       |     1 |     3 ||     4
 Stab: Sleeping          |       |     1 |    13 ||    14
       Distracted        |       |       |     4 ||     4
  Eat: Chunk             |     6 |    25 |    41 ||    72
